 Dungeon Sprint DCSS version 0.25-a0-502-g6516661 (webtiles) character file.

Game seed: 13454199953484890924, levelgen mode: deterministic

41833 Faca the Blocker (level 14, -1/121 HPs)
             Began as a Gnoll Fighter on Feb 12, 2020.
             Was the Champion of Okawaru.
             Slain by a fire dragon (8 damage)
             ... in the Dungeon (Sprint IX: "|||||||||||||||||||||||||||||").
             The game lasted 00:20:25 (6700 turns).

Faca the Blocker (Gnoll Fighter)                    Turns: 6700, Time: 00:20:25

Health: -1/121     AC: 31    Str: 25    XL:     14   Next: 17%
Magic:  31/31      EV: 18    Int: 13    God:    Okawaru [******]
Gold:   417        SH: 19    Dex: 14    Spells: 40/40 levels left

rFire    . . .     SeeInvis +   F - +1 double sword (vorpal)
rCold    + . .     Gourm    .   x - +0 kite shield {reflect}
rNeg     . . .     Faith    .   z - +0 plate armour
rPois    .         Spirit   .   K - +2 hat {MR+}
rElec    .         Reflect  +   G - +1 cloak
rCorr    .         Harm     .   J - +1 pair of gloves {Str+3}
MR       ++...     NoTele   +   m - +1 pair of boots {Stlth+}
Stlth    ++++......             t - +3 amulet of reflection
HPRegen  0.30/turn              u - +2 ring of protection
MPRegen  0.22/turn              g - ring "Cocsaepi" {rC+ SInv}

@: heroism
A: distributed training, fangs 1, mutation resistance 1, strong nose
a: Heroism, Finesse, Renounce Religion


You were in the Dungeon.
You worshipped Okawaru.
Okawaru was exalted by your worship.
You were hungry.

You visited 1 branch You collected 1955 gold pieces.
You spent 1538 gold pieces at shops.

Inventory:

Hand Weapons
 B - the +7 flail "Hemewuow" {freeze, +Rage Str+2 Dex-3}
   (You bought it in a shop in the Dungeon)

   It has been specially enchanted to freeze those struck by it, causing extra
   injury to most foes and up to half again as much damage against particularly
   susceptible opponents.
   It can also slow down cold-blooded creatures.
   It affects your strength (+2).
   It affects your dexterity (-3).
   It lets you go berserk.
 F - a +1 vorpal double sword (weapon)
 I - the +7 short sword of Nayggo Geric {venom, MP+9 Dex+9}
   (You found it in the Dungeon)

   It poisons the flesh of those it strikes.
   It affects your dexterity (+9).
   It affects your magic capacity (+9).
Missiles
 b - 19 boomerangs (quivered)
 y - a throwing net
Armour
 m - a +1 pair of boots of stealth (worn)
 x - a +0 kite shield of reflection (worn)
 z - a +0 plate armour (worn)
 G - a +1 cloak (worn)
 J - a +1 pair of gloves of strength (worn)
 K - a +2 hat of magic resistance (worn)
Jewellery
 g - the ring "Cocsaepi" (right hand) {rC+ SInv}
   (You bought it in a shop in the Dungeon)

   [ring of see invisible]

   It protects you from cold.
   It lets you see invisible.
 t - a +3 amulet of reflection (around neck)
 u - a +2 ring of protection (left hand)
 D - an uncursed ring of protection from magic
 E - an uncursed ring of protection from fire
Wands
 c - a wand of polymorph (13)
 q - a wand of acid (10)
Scrolls
 k - 4 scrolls of blinking
 l - a scroll of fear
 o - 4 scrolls of remove curse
 p - 2 scrolls of amnesia
 r - a scroll of fog
 s - a scroll of identify
 v - 4 scrolls of enchant armour
Potions
 d - 5 potions of might
 e - 3 potions of curing
 h - 3 potions of haste
 i - 4 potions of magic
 j - 4 potions of berserk rage
 n - a potion of invisibility
 w - 2 potions of resistance
 A - 2 potions of agility
 C - a potion of cancellation
 H - a potion of brilliance
Comestibles
 f - 9 rations


   Skills:
 + Level 14.9(19.9) Fighting
 + Level 13.8(18.8) Short Blades
 + Level 14.4(19.4) Long Blades
 + Level 13.8(18.8) Axes
 + Level 13.8(18.8) Maces & Flails
 + Level 13.8(18.8) Polearms
 + Level 13.8(18.8) Staves
 + Level 13.8(18.8) Slings
 + Level 13.8(18.8) Bows
 + Level 13.8(18.8) Crossbows
 + Level 13.8(18.8) Throwing
 + Level 14.9(19.9) Armour
 + Level 13.8(18.8) Dodging
 + Level 13.8(18.8) Stealth
 + Level 14.9(19.9) Shields
 + Level 13.8(18.8) Unarmed Combat
 + Level 13.8 Spellcasting
 + Level 11.9 Conjurations
 + Level 11.9 Hexes
 + Level 11.9 Charms
 + Level 11.9 Summonings
 + Level 11.9 Necromancy
 + Level 11.9 Translocations
 + Level 11.9 Transmutations
 + Level 11.9 Fire Magic
 + Level 11.9 Ice Magic
 + Level 11.9 Air Magic
 + Level 11.9 Earth Magic
 + Level 11.9 Poison Magic
 + Level 14.8 Invocations
 + Level 13.8 Evocations


You had 40 spell levels left.
You didn't know any spells.
Your spell library was empty.

Dungeon Overview and Level Annotations

Branches:
Dungeon (1/1)

Altars:
Cheibriados
Dithmenos
Elyvilon
Fedhas
Gozag
Hepliaklqana
Kikubaaqudgha
Makhleb
Nemelex Xobeh
Okawaru
Qazlal
Ru
Sif Muna
Trog
Uskayaw
Vehumet
Wu Jian
Xom
Yredelemnul
Zin
The Shining One
Beogh
Jiyva
Lugonu

Shops:
D *=!!


Innate Abilities, Weirdness & Mutations

Your experience applies equally to all skills.
You have very sharp teeth.
Your uncanny sense of smell can sniff out nearby items.
You are somewhat resistant to further mutation.


Message History

You closely miss the fire dragon. Your bite misses the fire dragon.
The fire dragon is severely wounded.
You barely miss the fire dragon.
The fire dragon is severely wounded.
You block the fire dragon's attack. The fire dragon closely misses you.
The fire dragon tramples you but does no damage.
The spriggan air mage waves its arms in wide circles.
The air twists around and strikes you!
* * * LOW HITPOINT WARNING * * *
You slash the fire dragon!
The fire dragon is almost dead.
The fire dragon closely misses you.
The fire dragon claws you but does no damage.
The fire dragon misses you.
The spriggan berserker rages.
You hit the fire dragon but do no damage.
The fire dragon is almost dead.
The fire dragon bites you but does no damage.
The fire dragon claws you!
You die...

▓.▓.▓.▓.▓.▓.▓.▓.▓.
▓.▓.▓.▓.▓=▓.▓.▓.▓.
▓.▓.▓.▓.▓.▓)▓)▓.▓(
∆
▓.▓)▓÷▓.▓.▓)▓.▓.▓.
∆
▓.▓.♣(♣.▓)▓.▓)▓.▓|
∆
▓.▓.♣)♣.▓)▓.▓(▓.▓.
∆
▓(▓.♣.♣.▓)▓.▓[▓.▓.
∆
▓)▓.♣.♣.▓.▓.▓)▓.▓.
▓@▓.♣)♣.▓)▓.▓[▓.▓.
▓D▓.♣.♣.▓)▓.▓)▓.▓.
▓i▓.♣.♣.▓)▓.▓)▓.▓'
∆
▓y▓.♣(♣)▓.▓.▓.▓.▓.
∆
▓D▓.♣.♣.▓.▓.▓.▓)▓.
∆
▓c▓.♣.♣.▓[▓.▓.▓.▓.
∆
▓i▓.▓'▓.▓[▓.▓.▓.▓.
∆
▓c▓.▓[▓.▓)▓.▓.▓.▓.
∆ ▓.▓)▓.▓[▓.▓)▓.▓.


You could see a fire dragon, an ice dragon, a spark wasp, a spriggan berserker
(berserk), a spriggan air mage and 2 yaktaurs.

Vanquished Creatures
  A lich (D)
  A thorn hunter (D)
  Donald (D)
  A fire giant (D)
  A ghost moth (D)
  An entropy weaver (D)
  A vampire knight (D)
  A stone giant (D)
  2 dire elephants (D)
  An ettin (D)
  A great orb of eyes (D)
  A naga warrior (D)
  4 hydras (D)
  A ghost crab (D)
  A centaur warrior (D)
  A merfolk avatar (D)
  A deep troll shaman (D)
  A naga sharpshooter (D)
  A shock serpent (D)
  Nergalle (D)
  An unseen horror (D)
  A harpy (shapeshifter) (D)
  2 wolf spiders (D)
  12 orc knights (D)
  A deep elf mage (D)
  An orc sorcerer (D)
  A manticore (D)
  6 elephants (D)
  2 cyclopes (D)
  3 black mambas (D)
  Joseph (D)
  Psyche (D)
  A torpor snail (D)
  A merfolk siren (D)
  4 naga magi (D)
  3 spiny frogs (D)
  A demonic crawler (D)
  A yaktaur (D)
  4 merfolk (D)
  A wind drake (D)
  A polar bear (D)
  A hornet (D)
  3 blink frogs (D)
  2 snapping turtles (D)
  3 hippogriffs (D)
  2 redbacks (D)
  A basilisk (D)
  Grum (D)
  2 water moccasins (D)
  14 orc warriors (D)
  A porcupine (D)
  A swamp drake (D)
  2 wolves (D)
  3 crocodiles (D)
  3 bullfrogs (D)
  A wight (D)
  A howler monkey (D)
  A crimson imp (D)
  3 hounds (D)
  A jelly (D)
  3 orc priests (D)
  3 orc wizards (D)
  2 adder skeletons (D)
  A leopard gecko (D)
  7 orcs (D)
  A bat skeleton (D)
  A giant cockroach (D)
  A jackal (D)
  A ball python zombie (D)
  A bat (D)
  A frilled lizard (D)
  A rat (D)
142 creatures vanquished.

Vanquished Creatures (others)
  2 spriggan druids (D)
  2 spiny frogs (D)
4 creatures vanquished.

Grand Total: 146 creatures vanquished

Notes
Turn   | Place    | Note
-------+----------+-------------------------------------------
     0 | D        | Faca the Gnoll Fighter began the quest for the Orb.
     0 | D        | Reached XP level 1. HP: 23/23 MP: 1/1
    12 | D        | Reached skill level 1 in Invocations
    23 | D        | Noticed a crimson imp
    23 | D        | Noticed a howler monkey
    28 | D        | Killed a crimson imp
    28 | D        | Reached skill level 5 in Long Blades
    28 | D        | Reached skill level 1 in Conjurations
    28 | D        | Reached skill level 1 in Hexes
    28 | D        | Reached skill level 1 in Charms
    28 | D        | Reached skill level 1 in Summonings
    28 | D        | Reached skill level 1 in Necromancy
    28 | D        | Reached skill level 1 in Translocations
    28 | D        | Reached skill level 1 in Transmutations
    28 | D        | Reached skill level 1 in Fire Magic
    28 | D        | Reached skill level 1 in Ice Magic
    28 | D        | Reached skill level 1 in Air Magic
    28 | D        | Reached skill level 1 in Earth Magic
    28 | D        | Reached skill level 1 in Poison Magic
    28 | D        | Reached XP level 2. HP: 29/29 MP: 3/5
    28 | D        | Reached XP level 3. HP: 35/35 MP: 3/6
    42 | D        | Reached XP level 4. HP: 38/43 MP: 4/7
    76 | D        | Found a roughly hewn altar of Beogh.
    76 | D        | Found a snail-covered altar of Cheibriados.
    76 | D        | Found a shadowy altar of Dithmenos.
    76 | D        | Found a white marble altar of Elyvilon.
    76 | D        | Found a blossoming altar of Fedhas.
    76 | D        | Found an opulent altar of Gozag.
    77 | D        | Found a hazy altar of Hepliaklqana.
    78 | D        | Found a viscous altar of Jiyva.
    79 | D        | Found an ancient bone altar of Kikubaaqudgha.
    80 | D        | Found a corrupted altar of Lugonu.
    81 | D        | Found a burning altar of Makhleb.
    82 | D        | Found a sparkling altar of Nemelex Xobeh.
    83 | D        | Found an iron altar of Okawaru.
    84 | D        | Found a stormy altar of Qazlal.
    85 | D        | Found a sacrificial altar of Ru.
    86 | D        | Found a shimmering blue altar of Sif Muna.
    87 | D        | Found a bloodstained altar of Trog.
    88 | D        | Found a hide-covered altar of Uskayaw.
    89 | D        | Found a radiant altar of Vehumet.
    90 | D        | Found an ornate altar of the Wu Jian Council.
    91 | D        | Became a worshipper of Warmaster Okawaru
    92 | D        | Found a shimmering altar of Xom.
    93 | D        | Found a basalt altar of Yredelemnul.
    94 | D        | Found a glowing silver altar of Zin.
    95 | D        | Found a glowing golden altar of the Shining One.
   137 | D        | Noticed a bullfrog
   152 | D        | Reached XP level 5. HP: 34/48 MP: 8/10
   161 | D        | Reached * piety under Okawaru
   161 | D        | Reached XP level 6. HP: 33/56 MP: 9/12
   294 | D        | Noticed a hippogriff
   294 | D        | Noticed a deep elf mage
   294 | D        | Noticed a hippogriff
   295 | D        | Noticed an ice beast
   311 | D        | Killed a deep elf mage
   311 | D        | Reached ** piety under Okawaru
   311 | D        | Reached skill level 5 in Short Blades
   311 | D        | Reached skill level 5 in Axes
   311 | D        | Reached skill level 5 in Maces & Flails
   311 | D        | Reached skill level 5 in Polearms
   311 | D        | Reached skill level 5 in Staves
   311 | D        | Reached skill level 5 in Slings
   311 | D        | Reached skill level 5 in Bows
   311 | D        | Reached skill level 5 in Crossbows
   311 | D        | Reached skill level 5 in Throwing
   311 | D        | Reached skill level 5 in Dodging
   311 | D        | Reached skill level 5 in Stealth
   311 | D        | Reached skill level 5 in Unarmed Combat
   311 | D        | Reached skill level 5 in Spellcasting
   311 | D        | Reached skill level 5 in Evocations
   311 | D        | Reached XP level 7. HP: 50/63 MP: 11/15
   313 | D        | Killed a hippogriff
   316 | D        | Reached XP level 8. HP: 57/71 MP: 12/16
   324 | D        | Killed a hippogriff
   324 | D        | Reached skill level 5 in Conjurations
   324 | D        | Reached skill level 5 in Hexes
   324 | D        | Reached skill level 5 in Charms
   324 | D        | Reached skill level 5 in Summonings
   324 | D        | Reached skill level 5 in Necromancy
   324 | D        | Reached skill level 5 in Translocations
   324 | D        | Reached skill level 5 in Transmutations
   324 | D        | Reached skill level 5 in Fire Magic
   324 | D        | Reached skill level 5 in Ice Magic
   324 | D        | Reached skill level 5 in Air Magic
   324 | D        | Reached skill level 5 in Earth Magic
   324 | D        | Reached skill level 5 in Poison Magic
   336 | D        | Reached *** piety under Okawaru
   506 | D        | Gained mutation: You are somewhat resistant to further
                  | mutation. [potion of mutation]
   521 | D        | Noticed a hippogriff
   521 | D        | Noticed a spiny frog
   523 | D        | Noticed a black mamba
   530 | D        | Noticed a hornet
   543 | D        | Killed a hippogriff
   543 | D        | Noticed a blink frog
   545 | D        | Reached XP level 9. HP: 28/77 MP: 16/19
   810 | D        | Killed a spiny frog
   831 | D        | Killed a black mamba
   831 | D        | Reached **** piety under Okawaru
   831 | D        | Reached skill level 10 in Fighting
   831 | D        | Reached skill level 10 in Armour
   831 | D        | Reached skill level 10 in Shields
   833 | D        | Paralysed by a hornet for 1 turns
   842 | D        | Killed a hornet
  1133 | D        | Noticed a spiny frog
  1133 | D        | Noticed a polar bear
  1133 | D        | Noticed a spiny frog
  1133 | D        | Noticed an eight-headed hydra
  1144 | D        | Killed a nine-headed hydra
  1144 | D        | Reached ***** piety under Okawaru
  1144 | D        | Received a gift from Okawaru
  1144 | D        | Reached XP level 10. HP: 62/86 MP: 18/22
  1151 | D        | Noticed a black mamba
  1152 | D        | Killed a spiny frog
  1174 | D        | Killed a spiny frog
  1188 | D        | Received a gift from Okawaru
  1189 | D        | Reached skill level 10 in Long Blades
  1204 | D        | HP: 4/86 [black mamba (10)]
  1210 | D        | Killed a black mamba
  1524 | D        | Noticed an elephant
  1524 | D        | Noticed a dire elephant
  1524 | D        | Noticed an elephant
  1524 | D        | Noticed an elephant
  1524 | D        | Noticed an elephant
  1524 | D        | Noticed a dire elephant
  1557 | D        | Noticed an elephant
  1558 | D        | Killed a dire elephant
  1558 | D        | Reached skill level 10 in Invocations
  1560 | D        | Killed an elephant
  1575 | D        | Killed an elephant
  1575 | D        | Received a gift from Okawaru
  1575 | D        | Reached XP level 11. HP: 78/93 MP: 24/24
  1590 | D        | Killed a dire elephant
  1611 | D        | Received a gift from Okawaru
  1639 | D        | Reached skill level 10 in Short Blades
  1639 | D        | Reached skill level 10 in Axes
  1639 | D        | Reached skill level 10 in Maces & Flails
  1639 | D        | Reached skill level 10 in Polearms
  1639 | D        | Reached skill level 10 in Staves
  1639 | D        | Reached skill level 10 in Slings
  1639 | D        | Reached skill level 10 in Bows
  1639 | D        | Reached skill level 10 in Crossbows
  1639 | D        | Reached skill level 10 in Throwing
  1639 | D        | Reached skill level 10 in Dodging
  1639 | D        | Reached skill level 10 in Stealth
  1639 | D        | Reached skill level 10 in Unarmed Combat
  1639 | D        | Reached skill level 10 in Spellcasting
  1639 | D        | Reached skill level 10 in Evocations
  1643 | D        | Reached ****** piety under Okawaru
  1918 | D        | Noticed Joseph
  1932 | D        | Killed Joseph
  1976 | D        | Noticed an orc knight
  2004 | D        | Noticed an orc knight
  2010 | D        | Killed an orc knight
  2010 | D        | Received a gift from Okawaru
  2038 | D        | Killed an orc knight
  2278 | D        | Noticed an orc knight
  2295 | D        | Noticed an orc knight
  2325 | D        | Noticed an orc sorcerer
  2440 | D        | Killed an orc knight
  2440 | D        | Received a gift from Okawaru
  2473 | D        | Killed an orc knight
  2726 | D        | Noticed a sixfirhy
  2727 | D        | Killed an orc sorcerer
  2880 | D        | Found Gugaha Kiros's Assorted Antiques.
  2880 | D        | Noticed an orc knight
  2880 | D        | Noticed an orc knight
  2881 | D        | Noticed an orc knight
  2892 | D        | Killed an orc knight
  2893 | D        | Noticed an orc knight
  2914 | D        | Killed an orc knight
  2914 | D        | Reached XP level 12. HP: 102/103 MP: 26/26
  2915 | D        | Found Ruiteshugi's Jewellery Shoppe.
  3255 | D        | Found Xapawi's Distillery.
  3259 | D        | Found Imol's Distillery.
  3310 | D        | Bought a scroll labeled NYBRAT AMPUT for 24 gold pieces
  3310 | D        | Bought a scroll of identify for 48 gold pieces
  3310 | D        | Bought a bubbling golden potion for 21 gold pieces
  3310 | D        | Bought a crystal flail for 204 gold pieces
  3310 | D        | Identified the +7 flail "Hemewuow" {freeze, +Rage Str+2
                  | Dex-3} (You bought it in a shop in the Dungeon)
  3316 | D        | Bought the ring "Cocsaepi" {rC+ SInv} for 406 gold pieces
  3317 | D        | Bought a +3 amulet of reflection for 219 gold pieces
  3320 | D        | Bought 2 potions of resistance for 220 gold pieces
  3322 | D        | Bought a potion of haste for 110 gold pieces
  3322 | D        | Bought a potion of haste for 110 gold pieces
  3322 | D        | Bought a potion of agility for 44 gold pieces
  3322 | D        | Bought a potion of might for 44 gold pieces
  3322 | D        | Bought a potion of cancellation for 88 gold pieces
  3385 | D        | Noticed Grum
  3392 | D        | Killed Grum
  3544 | D        | Noticed a lich
  3545 | D        | Noticed a stone giant
  3546 | D        | Noticed a fire giant
  3547 | D        | Noticed a deep troll shaman
  3549 | D        | Noticed a vampire knight
  3554 | D        | Noticed an ettin
  3560 | D        | Killed a lich
  3560 | D        | Received a gift from Okawaru
  3560 | D        | Reached skill level 10 in Conjurations
  3560 | D        | Reached skill level 10 in Hexes
  3560 | D        | Reached skill level 10 in Charms
  3560 | D        | Reached skill level 10 in Summonings
  3560 | D        | Reached skill level 10 in Necromancy
  3560 | D        | Reached skill level 10 in Translocations
  3560 | D        | Reached skill level 10 in Transmutations
  3560 | D        | Reached skill level 10 in Fire Magic
  3560 | D        | Reached skill level 10 in Ice Magic
  3560 | D        | Reached skill level 10 in Air Magic
  3560 | D        | Reached skill level 10 in Earth Magic
  3560 | D        | Reached skill level 10 in Poison Magic
  3848 | D        | Killed a stone giant
  4180 | D        | Killed a vampire knight
  4343 | D        | Killed a fire giant
  4343 | D        | Reached XP level 13. HP: 40/111 MP: 29/29
  4773 | D        | Got the +7 short sword of Nayggo Geric {venom, MP+9 Dex+9}
  4787 | D        | Killed an ettin
  4862 | D        | Noticed Donald
  4881 | D        | Killed Donald
  5062 | D        | Noticed Psyche
  5067 | D        | Killed Psyche
  5106 | D        | Noticed a thorn hunter
  5115 | D        | Killed a thorn hunter
  5115 | D        | Received a gift from Okawaru
  5127 | D        | Received a gift from Okawaru
  5406 | D        | Received a gift from Okawaru
  5420 | D        | HP: 5/114 [poisoned by a naga mage (splash of poison)]
  5425 | D        | HP: 4/114 [poisoned by a naga mage (splash of poison)]
  5430 | D        | HP: 3/114 [poisoned by a naga mage (splash of poison)]
  5437 | D        | HP: 3/114 [poisoned by a naga mage (splash of poison)]
  5445 | D        | HP: 4/114 [poisoned by a naga mage (splash of poison)]
  5829 | D        | Noticed a ghost moth
  5862 | D        | Killed a ghost moth
  5865 | D        | Noticed an entropy weaver
  5886 | D        | Killed an entropy weaver
  6206 | D        | Reached XP level 14. HP: 83/121 MP: 31/31
  6601 | D        | Noticed Nergalle
  6623 | D        | Killed Nergalle
  6698 | D        | HP: 6/121 [spriggan air mage/the air (8)]
  6700 | D        | Slain by a fire dragon

Levels and vault maps discovered:
D:        linesprint [early_d, line_temple, items_1, d_10, items_2, lair_1,
          lair_end, items_3, orc_1, orc_end, items_4, d_15, swamp_1, shoals_1,
          snake_1, spider_1, d_20, vaults_1, items_5, swamp_end, shoals_end,
          snake_end, spider_end, vaults_end, d_27, items_6, zot_1, zot_end,
          crypt_end, forest_end, elf_end, slime_end, tomb_end, abyss_end,
          pan_hell_end]

Skill      XL: |  1  2  3  4  5  6  7  8  9 10 11 12 13 |
---------------+----------------------------------------+-----
Invocations    | 2 3 4 6 7 9 10 11 13 14 | 14.8
Short Blades   | 2 3 4 5 6 8 9 10 12 13 | 13.8
Long Blades    | 5 6 7 8 9 10 11 12 14 | 14.4
Axes           | 2 3 4 5 6 8 9 10 12 13 | 13.8
Maces & Flails | 2 3 4 5 6 8 9 10 12 13 | 13.8
Polearms       | 2 3 4 5 6 8 9 10 12 13 | 13.8
Staves         | 2 3 4 5 6 8 9 10 12 13 | 13.8
Slings         | 2 3 4 5 6 8 9 10 12 13 | 13.8
Bows           | 2 3 4 5 6 8 9 10 12 13 | 13.8
Crossbows      | 2 3 4 5 6 8 9 10 12 13 | 13.8
Throwing       | 2 3 4 5 6 8 9 10 12 13 | 13.8
Dodging        | 2 3 4 5 6 8 9 10 12 13 | 13.8
Stealth        | 2 3 4 5 6 8 9 10 12 13 | 13.8
Unarmed Combat | 2 3 4 5 6 8 9 10 12 13 | 13.8
Spellcasting   | 2 3 4 5 6 8 9 10 12 13 | 13.8
Conjurations   | 1 2 3 4 5 6 7 9 10 11 | 11.9
Hexes          | 1 2 3 4 5 6 7 9 10 11 | 11.9
Charms         | 1 2 3 4 5 6 7 9 10 11 | 11.9
Summonings     | 1 2 3 4 5 6 7 9 10 11 | 11.9
Necromancy     | 1 2 3 4 5 6 7 9 10 11 | 11.9
Translocations | 1 2 3 4 5 6 7 9 10 11 | 11.9
Transmutations | 1 2 3 4 5 6 7 9 10 11 | 11.9
Fire Magic     | 1 2 3 4 5 6 7 9 10 11 | 11.9
Ice Magic      | 1 2 3 4 5 6 7 9 10 11 | 11.9
Air Magic      | 1 2 3 4 5 6 7 9 10 11 | 11.9
Earth Magic    | 1 2 3 4 5 6 7 9 10 11 | 11.9
Poison Magic   | 1 2 3 4 5 6 7 9 10 11 | 11.9
Evocations     | 2 3 4 5 6 8 9 10 12 13 | 13.8
Fighting       | 7 8 9 10 11 12 13 14 | 14.9
Armour         | 7 8 9 10 11 12 13 14 | 14.9
Shields        | 7 8 9 10 11 12 13 14 | 14.9

Action                   |  1- 3 |  4- 6 |  7- 9 | 10-12 | 13-15 || total
-------------------------+-------+-------+-------+-------+-------++-------
Melee: Long sword        |    27 |     1 |       |       |       ||    28
       Bite              |     3 |     6 |    20 |    86 |    50 ||   165
       Scimitar          |       |    44 |   101 |    58 |       ||   203
       Rapier            |       |       |     3 |   376 |       ||   379
       Flail             |       |       |       |    88 |   230 ||   318
       Double sword      |       |       |       |       |    39 ||    39
Throw: Boomerang         |       |       |       |    45 |     4 ||    49
Invok: Heroism           |       |     1 |     3 |    10 |     4 ||    18
  Use: Potion            |       |       |     1 |     5 |     4 ||    10
       Scroll            |       |       |       |     4 |       ||     4
 Stab: Distracted        |       |       |       |     1 |       ||     1
  Eat: Chunk             |       |       |     1 |    10 |     1 ||    12
       Ration            |       |       |       |       |     2 ||     2
Armor: Scale mail        |     9 |     1 |       |       |       ||    10
       Chain mail        |       |    10 |    34 |    29 |       ||    73
       Plate armour      |       |       |       |    39 |   109 ||   148
Dodge: Dodged            |     5 |    23 |    38 |    95 |   100 ||   261
Block: Kite shield       |    10 |    30 |    63 |   209 |   216 ||   528
       Reflection        |       |       |       |     2 |     7 ||     9
       Rpst.: Long sword |     2 |       |       |       |       ||     2
       Scimitar          |       |     5 |     9 |     9 |       ||    23

Table legend:
 A = Non-vault XP
 B = Vault XP
 C = Vault XP percentage of total XP
 D = Non-vault monster count
 E = Vault monster count
 F = Vault count percentage of total count
                 A         B        C        D         E       F
            +---------+---------+-------+---------+---------+-------
      Total |       0 |   59762 | 100.0 |       0 |     142 | 100.0
            +---------+---------+-------+---------+---------+-------
          D |       0 |   59762 | 100.0 |       0 |     142 | 100.0
            +---------+---------+-------+---------+---------+-------
